 Dungeon Crawl Stone Soup version 0.30-a0-1066-g63dfefce0d (webtiles) character file.

Game seed: 1631931607380380580

92 jimonade the Grasshopper (level 4, -5/40 HPs)
             Began as a Naga Warper on Apr 12, 2023.
             Slain by an iguana (9 damage)
             ... on level 3 of the Dungeon.
             The game lasted 00:04:47 (2625 turns).

jimonade the Grasshopper (Naga Warper)              Turns: 2625, Time: 00:04:48

Health: -5/40      AC:  3    Str: 15    XL:     4   Next: 60%
Magic:  7/7        EV:  9    Int: 20    God:
Gold:   130        SH:  0    Dex: 10    Spells: 7/7 levels left

rFire   . . .      SeeInvis +    a - +2 dagger (venom)
rCold   . . .      Faith    .    (no shield)
rNeg    . . .      Spirit   .    i - +0 leather armour
rPois   +          Reflect  .    (no helmet)
rElec   .          Rampage  .    (no cloak)
rCorr   .                        (no gloves)
Will    .....                    (no barding)
Stlth   +                        (no amulet)
HPRegen 0.26/turn                v - +6 ring of intelligence
MPRegen 0.10/turn                (no ring)

@: lethally poisoned (-5 -> -8), very slow
A: AC +1, large, see invisible, deformed body, poison resistance, slowness 2,
spit poison 1, naga tail 1
a: Spit Poison


You were on level 3 of the Dungeon.
You visited 1 branch of the dungeon, and saw 3 of its levels.

You collected 130 gold pieces.

Inventory:

Hand Weapons
 a - a +2 dagger of venom (weapon)
 b - a +0 whip of electrocution
 g - a +0 mace
 y - a +1 dagger of distortion
Missiles
 d - 6 boomerangs of dispersal
 l - 3 datura-tipped darts
 n - 3 javelins
 u - a throwing net
 w - 7 stones (quivered)
 x - 3 poisoned darts
Armour
 i - a +0 leather armour (worn)
 m - a +0 ring mail
Jewellery
 v - a +6 ring of intelligence (left hand)
Scrolls
 c - a scroll of blinking
 e - 6 scrolls of identify {unknown}
 f - a scroll of poison {unknown}
 h - a scroll of amnesia {unknown}
 k - 2 scrolls of enchant armour {unknown}
 o - a scroll of vulnerability {unknown}
 q - a scroll of fear {unknown}
 r - a scroll of silence {unknown}
 s - a scroll of fog {unknown}
 t - a scroll of noise {unknown}
Potions
 j - 2 potions of haste {unknown}
 p - 2 potions of attraction {unknown}


   Skills:
 + Level 2.3 Fighting
 + Level 1.0 Short Blades
 + Level 2.2 Maces & Flails
 + Level 0.8 Throwing
 + Level 1.8 Armour
 + Level 1.9 Dodging
 + Level 0.9 Stealth
 + Level 2.4 Spellcasting
 + Level 3.4 Translocations


You had 7 spell levels left.
You didn't know any spells.
Your spell library contained the following spells:

 Spells                   Type           Power      Damage    Failure   Level
 Blink                    Tloc           32%        N/A       7%          2
 Lesser Beckoning         Tloc           32%        N/A       7%          2
 Teleport Other           Tloc           16%        N/A       13%         3
 Freeze                   Ice            8%         1d3       19%         1
 Vhi's Electric Charge    Tloc/Air       18%        N/A       26%         3
 Manifold Assault         Tloc           16%        N/A       41%         4
 Frozen Ramparts          Ice            4%         1d1       50%         3
 Hailstorm                Conj/Ice       2%         3d3       50%         3


Dungeon Overview and Level Annotations

Branches:
Dungeon (3/15)

Altars:
Kikubaaqudgha
Vehumet


Innate Abilities, Weirdness & Mutations

Your serpentine skin is tough. (AC +1)
You have supernaturally acute eyesight. (SInv)
Armour fits poorly on your strangely shaped body.
Your system is resistant to poisons. (rPois)
You cover ground very slowly.
You can spit poison.
You have a snake-like lower body.


Message History

The adder bites you but does no damage.
The hobgoblin hits you but does no damage.
You closely miss the adder.
The adder is lightly wounded.
The adder bites you but does no damage. The hobgoblin hits you.
You closely miss the adder.
The adder is lightly wounded.
The adder barely misses you.
You hit the adder.
The adder is moderately wounded.
The adder barely misses you. The hobgoblin closely misses you.
The adder bites you but does no damage.
You miss the adder.
The adder is moderately wounded.
The hobgoblin closely misses you. The adder closely misses you.
You barely miss the adder.
The adder is moderately wounded.
The iguana bites you! The hobgoblin hits you.
The adder bites you but does no damage.
You closely miss the adder.
The adder is moderately wounded.
The adder bites you but does no damage. The iguana barely misses you.
The hobgoblin hits you.
You closely miss the adder.
The adder is moderately wounded.
The adder bites you. The iguana bites you!
* * * LOW HITPOINT WARNING * * *
The hobgoblin misses you. The adder bites you.
* * * LOW HITPOINT WARNING * * *
You are poisoned.
The adder poisons you!
You are too injured to fight recklessly!
You are too injured to fight recklessly!
You are too injured to fight recklessly!
You are too injured to fight recklessly!
Unknown command.
You hit the iguana but do no damage.
The iguana is poisoned.
* * * LOW HITPOINT WARNING * * *
You feel sick. The iguana bites you!
You die...

.####.#..###########
# .#
#..............#.#
##
###.####.......#.#
.# #...##.........#
....# ###..#..^....#
###.#
##.........#### # #
###..........# ..
##.#..l....## ..
#.##@g...>.. #
#.##.S......
#.##........
#.##..$.....
............ ##
......... ##.......
....>..


You could see an iguana (very poisoned), an adder and a hobgoblin.

Vanquished Creatures
  2 adders (D:2)
  2 worms
  4 dart slugs
  4 ball pythons
  7 bats
  2 endoplasms
  3 giant cockroaches
  8 goblins
  7 hobgoblins
  4 jackals (D:3)
  2 quokkas
  5 frilled lizards
  4 kobolds
  2 rats (D:1)
56 creatures vanquished.

Vanquished Creatures (others)
  7 toadstools (D:1)
7 creatures vanquished.

Grand Total: 63 creatures vanquished

Notes
Turn   | Place    | Note
-------+----------+-------------------------------------------
     0 | D:1      | jimonade the Naga Warper began the quest for the Orb.
     0 | D:1      | Reached XP level 1. HP: 19/19 MP: 3/3
   202 | D:1      | Reached XP level 2. HP: 23/26 MP: 5/5
   796 | D:1      | Reached XP level 3. HP: 22/32 MP: 6/6
  1408 | D:2      | Reached skill level 1 in Armour
  1550 | D:2      | Found a faded altar of an unknown god.
  1816 | D:2      | Reached XP level 4. HP: 23/39 MP: 7/7
  2116 | D:2      | Found an ancient bone altar of Kikubaaqudgha.
  2344 | D:3      | Reached skill level 1 in Short Blades
  2489 | D:3      | Found a radiant altar of Vehumet.
  2625 | D:3      | Slain by an iguana

Illustrated notes

Levels and vault maps discovered:
D:1:      nagdon_arrival_double_spiral, layout_loops_corners, minivault_26,
          skrybe_limestone_x
D:2:      layout_basic, basic_altar, ebering_ecumenical_altar_ruins,
          kennysheep_cluttered_room, chequers_garden, minmay_pentomino_u2
D:3:      layout_rooms, minitemple, marbit_many_paths

Skill      XL: |  1  2  3  4 |
---------------+-------------+-----
Armour         | 1 |  1.8
Short Blades   | 1 |  1.0
Fighting       | |  2.3
Maces & Flails | |  2.2
Throwing       | |  0.8
Dodging        | |  1.9
Stealth        | |  0.9
Spellcasting   | |  2.4
Translocations | |  3.4

Action                     |  1- 3 |  4- 6 || total
---------------------------+-------+-------++-------
  Melee: Mace              |    13 |       ||    13
         Dagger            |    70 |    65 ||   135
         Punch             |     1 |       ||     1
  Throw: Dart              |       |     3 ||     3
         Boomerang         |       |     1 ||     1
Ability: Spit Poison       |    11 |       ||    11
 Armour: Leather armour    |    13 |    37 ||    50
  Dodge: Dodged            |    41 |    39 ||    80

Table legend: (Time is in decaauts)
 A = Elapsed time spent in this place.
 B = Non-inter-level travel time spent in this place.
 C = Inter-level travel time spent in this place.
 D = Time resting spent in this place.
 E = Time spent auto-exploring this place.
 F = Levels seen in this place.
 G = Mean time per level.
                   A        B        C        D        E       F      G
               +--------+--------+--------+--------+--------+-----+--------+
         Total |   3450 |   3231 |    219 |     80 |   2653 |   3 | 1150.0 |
       Dungeon |   3450 |   3231 |    219 |     80 |   2653 |   3 | 1150.0 |
               +--------+--------+--------+--------+--------+-----+--------+

Top non-repeatable levels by time:
     D:1: 1684 daAuts
     D:2: 1416 daAuts
     D:3: 349 daAuts
